 Dungeon Crawl Stone Soup version 0.19-a0-1675-gc11f27c (webtiles) character file.

387 Magifyre the Ruffian (level 6, -3/61 HPs)
             Began as a Troll Monk on Sept 23, 2016.
             Slain by an orc warrior
             ... wielding a +0 halberd
              (17 damage)
             ... on level 4 of the Dungeon.
             The game lasted 00:06:23 (2951 turns).

Magifyre the Ruffian (Troll Monk)                   Turns: 2951, Time: 00:06:24

Health: -3/61      AC:  5    Str: 22    XL:     6   Next: 49%
Magic:  5/5        EV: 11    Int:  6    God:
Gold:   179        SH:  0    Dex: 12    Spells: 0 memorised, 5 levels left

rFire  . . .     SeeInvis .       - Unarmed
rCold  . . .     Gourm    +     a - +0 robe
rNeg   + . .     Faith    .     (no shield)
rPois  .         Spirit   .     (helmet restricted)
rElec  .         Dismiss  .     (no cloak)
rCorr  .         Reflect  .     (gloves unavailable)
MR     .....     Harm     .     (boots unavailable)
Stlth  ++........               c - amulet of rage
                                (no ring)
                                k - ring of positive energy

@: no status effects
A: unfitting armour, claws 3, fast metabolism 3, gourmand, regeneration 1,
shaggy fur 1, tough skin 2
a: Evoke Berserk Rage


You were on level 4 of the Dungeon.
You were full.

You visited 1 branch of the dungeon, and saw 4 of its levels.

You collected 179 gold pieces.

Inventory:

Hand Weapons
 y - a +0 hunting sling of flaming
Missiles
 i - 145 stones (quivered)
 j - 59 sling bullets
 u - 23 poisoned needles
 A - 3 needles of sleeping
 B - 7 tomahawks
Armour
 a - a +0 robe (worn)
Jewellery
 c - an amulet of rage (around neck)
 h - an uncursed amulet of dismissal
 k - a ring of positive energy (left claw)
 x - a +5 ring of evasion {unknown}
Wands
 l - a wand of random effects (27/48)
Scrolls
 e - 3 scrolls of identify {unknown}
 f - a scroll of noise {unknown}
 m - a scroll of enchant armour {unknown}
 o - a scroll of recharging {unknown}
 r - a scroll of random uselessness {unknown}
 s - a scroll of remove curse {unknown}
 t - a scroll of fog {unknown}
 w - 2 scrolls of immolation {unknown}
 F - a scroll of magic mapping {unknown}
Potions
 d - 3 potions of curing {unknown}
 n - a potion of haste {unknown}
 p - 2 potions of heal wounds {unknown}
 q - a potion of mutation {unknown}
 C - a potion of cure mutation {unknown}
 D - a potion of might {unknown}
 E - a potion of agility {unknown}
Comestibles
 b - 4 bread rations
 g - 2 meat rations
 v - 2 beef jerkies
 z - a slice of pizza


   Skills:
 + Level 3.1 Fighting
 + Level 3.4 Dodging
 + Level 1.7 Stealth
 + Level 5.8 Unarmed Combat
 + Level 0.2 Evocations


You had 5 spell levels left.
You didn't know any spells.

Dungeon Overview and Level Annotations

Branches:
Dungeon (4/15)
 Temple: D:4-7

Altars:
Dithmenos
Gozag
Qazlal
Ru


Innate Abilities, Weirdness & Mutations

You are too large for most types of armour.
You have claws for hands.
Your metabolism is lightning-fast.
You like to eat raw meat.
Your natural rate of healing is unusually fast.
You are covered in fur. (AC +1)
You have very tough skin. (AC +2)


Message History

The orc priest shouts!
You scratch the orc warrior but do no damage.
You barely miss the orc warrior.
The orc warrior hits you with a halberd!!
The orc priest looks encouraged for a moment.
You claw the orc warrior!
The orc warrior is moderately wounded.
The orc priest calls upon Beogh to heal the orc warrior.
The orc warrior is healed somewhat.
You claw the orc warrior!
The orc warrior is heavily wounded.
The orc warrior hits you with a halberd!
* * * LOW HITPOINT WARNING * * *
You are too injured to fight recklessly!
You are too injured to fight recklessly!
You scratch the orc priest.
The orc priest is moderately wounded.
The orc priest barely misses you.
The orc warrior hits you with a halberd!
You die...

# #. ## <. ##. .# ##.#
#. ###... #.. #..... #.#
##..... ####.o##
###......
#....o@########...#....
......$..)........>#....
......#.##########.##.[.
######..# #..#... #..#
##..#.. ..## ##.... ...
##.#. ...$ #... ##...
##..


You could see an orc warrior and an orc priest.

Vanquished Creatures
  Sigmund (D:2)
  An orc priest (D:3)
  A hound skeleton (D:4)
  3 gnolls (D:2)
  4 adders
  A shadow imp (D:3)
  2 oozes
  2 worms (D:3)
  2 dart slugs (D:2)
  5 leopard geckos
  6 orcs
  8 bats
  2 giant cockroaches
  6 goblins
  11 hobgoblins
  10 jackals
  A quokka (D:3)
  2 ball pythons
  5 frilled lizards
  9 kobolds
  8 rats
90 creatures vanquished.

Notes
Turn   | Place    | Note
-------+----------+-------------------------------------------
     0 | D:1      | Magifyre the Troll Monk began the quest for the Orb.
     0 | D:1      | Reached XP level 1. HP: 22/22 MP: 0/0
   137 | D:1      | Reached XP level 2. HP: 29/29 MP: 1/1
   660 | D:1      | Reached XP level 3. HP: 36/36 MP: 2/2
   984 | D:2      | Reached skill level 4 in Unarmed Combat
  1009 | D:2      | Reached XP level 4. HP: 44/44 MP: 3/3
  1261 | D:2      | Noticed Sigmund
  1684 | D:2      | Killed Sigmund
  1684 | D:2      | Reached skill level 5 in Unarmed Combat
  1684 | D:2      | Reached XP level 5. HP: 53/53 MP: 4/4
  1684 | D:2      | Reached XP level 6. HP: 61/61 MP: 5/5
  2214 | D:3      | Found a shadowy altar of Dithmenos.
  2216 | D:3      | Found an opulent altar of Gozag.
  2775 | D:4      | Noticed an orc warrior
  2810 | D:4      | Found a sacrificial altar of Ru.
  2810 | D:4      | Found a stormy altar of Qazlal.
  2951 | D:4      | Slain by an orc warrior

Vault maps used:
D:1:      lemuel_arrival_lava_pool, columned_hall_lemuel
D:2:      first_bread, uniq_sigmund
D:3:      minitemple, minmay_misc_feat_encased
D:4:      gammafunk_temple_overflow_wave, uniq_duvessa, uniq_pikel,
          uniq_eustachio

Skill      XL: |  1  2  3  4 |
---------------+-------------+-----
Unarmed Combat | 4 5 |  5.8
Dodging        | 3 |  3.4
Fighting       | 3 |  3.1
Stealth        | |  1.7
Evocations     | |  0.2

Action                   |  1- 3 |  4- 6 || total
-------------------------+-------+-------++-------
Melee: Unarmed           |    94 |   145 ||   239
       Punch             |     1 |     3 ||     4
 Abil: Evoke Berserk Rag |       |     1 ||     1
 Stab: Sleeping          |     2 |     4 ||     6
  Eat: Chunk             |    15 |    14 ||    29
Armor: Robe              |    25 |    42 ||    67
Dodge: Dodged            |    49 |    81 ||   130
